[Event "*** Titled Tuesday Blitz"]
[Site "Chess.com"]
[Date "2021.02.02"]
[Round "10"]
[White "bocah_sakit"]
[Black "Tartody"]
[Result "1-0"]
[WhiteElo "2830"]
[BlackElo "2658"]
[TimeControl "180+1"]
[EndTime "11:57:26 PST"]
[Termination "bocah_sakit won by resignation"]

1. e4 c6 2. d4 g6 3. Nf3 d5 4. Nbd2 Bg7 5. c3 dxe4 6. Nxe4 Nf6 7. Nxf6+ exf6 8. Bd3 Qe7+ 9. Be3 O-O 10. O-O Qd6 11. Qd2 Bg4 12. Ne1 Nd7 13. h3 Be6 14. Bh6 Rfe8 15.
Bxg7 Kxg7 16. Nc2 Rad8 17. Rfe1 c5 18. Bf1 Ne5 19. Qf4 cxd4 20. Nxd4 Bd5 21. Qg3 Kh8 22.
Rad1 a6 23. b3 b5 24. Rd2 Ba8 25. Red1 Qc7 26. Kh2 Rc8 27. f4 Nc6 28. Nf5 Rcd8 29. Nd6 Re7 30. f5 Rdd7 31. fxg6 hxg6 32. Kh1 Ne5 33. Qh4+ Kg7 34. Qg3 Kh8 35. c4 b4 36.
Ne8 Qc6 37. Qh4+ Kg8 38. Nxf6+ Kg7 39. Nxd7 Rxd7 40. Rxd7 Nxd7 41. Qd4+ Nf6 42. Rd2 Qe6 43. Rf2 Qxh3+ 44. Kg1 Qe6 45. c5 a5 46. Bc4 Qe7 47.
Re2 Qb7 48. Qe5 Qc6 49. Qe7 Ng4 50. Qxf7+ Kh6 51. Qf4+ Kh5 52. Qd4 Qc7 53. Qd6 Qg7 54.
Qd1 Qc3 55. Be6 Qg3 56. Bxg4+ Qxg4 57. Re5+ g5 58. Qxg4+ Kxg4 59. Re6 Kg3 60. c6 g4 61. c7 Bb7 62. Re8 1-0

[Event "*** Titled Tuesday Blitz"]
[Site "Chess.com"]
[Date "2021.02.02"]
[Round "10"]
[White "Mr_Sinigami"]
[Black "Ave_Mariia"]
[Result "1-0"]
[WhiteElo "2634"]
[BlackElo "2475"]
[TimeControl "180+1"]
[EndTime "11:57:27 PST"]
[Termination "Mr_Sinigami won by resignation"]

1. e4 c5 2. Nf3 d6 3. d4 cxd4 4. Nxd4 Nf6 5. Nc3 g6 6. Be3 Bg7 7. Qd2 Ng4 8. Bg5 h6 9. Bh4 Nc6 10.
Nb3 Be6 11. h3 Nge5 12. Nd5 g5 13. Bg3 Ng6 14. c3 Rc8 15. Be2 Nce5 16. Nd4 Bxd5 17.
exd5 Qd7 18. O-O O-O 19. f4 gxf4 20. Bxf4 Nxf4 21. Rxf4 Ng6 22. Rf2 e6 23. Bg4 Rce8 24. Raf1 Ne5 25. dxe6 fxe6 26. Rxf8+ Bxf8 27. Rxf8+ Kxf8 28. Qxh6+ Ke7 29. Qg5+ Kf8 30. Qh6+ Ke7 31. Bxe6 Qc7 32.
Nf5+ Kd8 33. Qf6+ Re7 34. Qf8+ Re8 35. Qf6+ Re7 36. Qxe7+ Qxe7 37. Nxe7 Kxe7 38. Bd5 Nd3 39. b3 b5 40. Kf1 Nc1 41. a3 Na2 42. c4 Nc3 43. Ke1 a6 44. Bc6 bxc4 45. bxc4 Nb1 46. a4 Na3 47. Bd5 Nc2+ 48. Kd2 Nb4 49. Kc3 a5 50. h4 Kf6 51. g3 Kf5 52. Kd4 Kg4 53. Ke4 Kxg3 54. h5 Na6 55. h6 Nc5+ 56. Kf5 Nd7 57. h7 1-0

[Event "*** Titled Tuesday Blitz"]
[Site "Chess.com"]
[Date "2021.02.02"]
[Round "10"]
[White "PavelShkapenko"]
[Black "MatyChess1"]
[Result "0-1"]
[WhiteElo "2717"]
[BlackElo "2600"]
[TimeControl "180+1"]
[EndTime "11:57:28 PST"]
[Termination "MatyChess1 won by resignation"]

1. e4 c5 2. c3 Nf6 3. e5 Nd5 4. d4 cxd4 5. cxd4 d6 6. Nf3 Nc6 7. Bc4 Nb6 8. Bb3 g6 9. Bf4 Bg7 10. exd6 O-O 11. h3 Nxd4 12. Nxd4 e5 13. Bg3 exd4 14. O-O Bf5 15. Na3 d3 16. Qd2 Qf6 17. Rab1 Rad8 18. Nb5 a6 19. Nc3 Qd4 20. Rfe1 Nc4 21.
Bxc4 Qxc4 22. Re7 b5 23. a3 a5 24. Rc1 b4 25. Nd1 Qd4 26. Rcc7 Bf6 27. Kh2 Rxd6 28.
axb4 axb4 29. Re1 Re6 30. Rxe6 Bxe6 31. Rb7 b3 32. Nc3 Rc8 33. Bf4 Be5 34. Bxe5 Qxe5+ 35. Kg1 Bf5 36. Rxb3 Ra8 37. Ra3 Rb8 38. Ra1 h5 39.
Re1 Rxb2 40. Rxe5 Rxd2 41. Rd5 Rc2 42. Nb5 d2 43. Kh2 Rc5 44. Rd8+ Kg7 45. Nd6 Bc2 46.
Ne8+ Kf8 47. Nc7+ Ke7 48. Rxd2 Rxc7 49. Kg3 Bb3 50. f3 Be6 51. h4 Rc4 52. Rb2 Rc5 53. Rb6 Kf6 54. Rb4 Rf5 55. Ra4 Rd5 56. Rb4 Rd7 57. Ra4 Ke7 58. Rb4 Rd2 59. Ra4 Ra2 60. Rb4 Kf6 61. Rb5 Kg7 62. Rc5 Bf5 63. Rb5 Bd3 64.
Rd5 Bf1 0-1

[Event "*** Titled Tuesday Blitz"]
[Site "Chess.com"]
[Date "2021.02.02"]
[Round "10"]
[White "kasparicy"]
[Black "verdest"]
[Result "1/2-1/2"]
[WhiteElo "2355"]
[BlackElo "2479"]
[TimeControl "180+1"]
[EndTime "11:57:28 PST"]
[Termination "Game drawn by repetition"]

1. e4 c5 2. Nf3 Nc6 3. d4 cxd4 4. Nxd4 e5 5. Nb5 d6 6. N1c3 a6 7. Na3 Be6 8. Nd5 Nf6 9. Bg5 Bxd5 10. Bxf6 Qxf6 11. exd5 Nb8 12. c4 Nd7 13. Be2 g6 14.
Bg4 Qe7 15. O-O f5 16. Be2 Bg7 17. b4 b6 18. Rc1 O-O 19. c5 bxc5 20. bxc5 Nxc5 21.
Rxc5 dxc5 22. d6 Qd7 23. Qd5+ Kh8 24. Nc4 Qf7 25. Qxc5 Rac8 26. Qb4 e4 27. Rd1 f4 28. d7 Rcd8 29. Nb6 f3 30. Bc4 Qf4 31. g3 Qh6 32. Qe7 e3 33. Qxe3 Qxe3 34. fxe3 f2+ 35.
Kf1 Bh6 36. Rd3 Rf3 37. Be6 Rxe3 38. Rxe3 Bxe3 39. Nc4 Bd4 40. Nd6 Kg7 41. Nb7 Bb6 42.
Nxd8 Bxd8 43. Kxf2 Kf6 44. Bb3 Ke7 45. Ba4 Bc7 46. Kf3 h5 47. h3 g5 48. g4 h4 49.
Ke4 a5 50. Kd5 Kd8 51. Kc6 Bf4 52. Bb3 Bd2 53. Be6 Bf4 54. Bf5 Bd2 55. Kb5 Be1 56.
a4 Bd2 57. Kc4 Bb4 58. Kb5 Bd2 59. Kc4 Bb4 60. Kb5 Bd2 1/2-1/2

[Event "*** Titled Tuesday Blitz"]
[Site "Chess.com"]
[Date "2021.02.02"]
[Round "10"]
[White "Nozdrachev_Leonid"]
[Black "MartinMatthiesen"]
[Result "0-1"]
[WhiteElo "2517"]
[BlackElo "2384"]
[TimeControl "180+1"]
[EndTime "11:57:30 PST"]
[Termination "MartinMatthiesen won on time"]

1. e4 c6 2. d4 d5 3. Nc3 dxe4 4.
Nxe4 Bf5 5. Ng3 Bg6 6. h4 h6 7. h5 Bh7 8. Nf3 Nd7 9. Bd3 Bxd3 10. Qxd3 e6 11. Bd2 Ngf6 12. O-O-O Be7 13. Kb1 O-O 14. Ne4 Nxe4 15. Qxe4 Nf6 16. Qe2 Qd5 17. Be3 b5 18. Ne5 a5 19. g4 a4 20. f3 b4 21. Qc4 Qxc4 22. Nxc4 Nd5 23. Rhe1 a3 24.
Bc1 axb2 25. Bxb2 Ra6 26. Rd3 Rb8 27. Rb3 Rba8 28. Ne5 Bg5 29. a3 bxa3 30. Bc1 a2+ 31.
Ka1 Bxc1 32. Rxc1 f6 33. Nd7 Ra4 34. c3 Ra3 35. Rxa3 Rxa3 36. Nc5 Kf7 37. Ne4 f5 38. gxf5 exf5 39. Nd6+ Ke6 40. Nc4 Rxc3 41. Re1+ Kf6 42. Nd6 Nb4 43. Rg1 Ra3 44. Kb2 Ra6 45. Ne8+ Kf7 46. Nd6+ Ke6 47. Nc4 Kd5 48. Ne3+ Kxd4 49. Nxf5+ Kd3 50. Nxg7 c5 51. Ne8 c4 52. Rd1+ Ke2 53.
Ra1 Nd3+ 54. Kc3 Ra4 55. Nd6 Nf4 56. Nxc4 Kxf3 57. Kb3 Ra6 58. Rf1+ Kg4 59. Rg1+ Kxh5 0-1

[Event "*** Titled Tuesday Blitz"]
[Site "Chess.com"]
[Date "2021.02.02"]
[Round "10"]
[White "JQuiroga18"]
[Black "Piacramling"]
[Result "0-1"]
[WhiteElo "2413"]
[BlackElo "2309"]
[TimeControl "180+1"]
[EndTime "11:57:30 PST"]
[Termination "Piacramling won by resignation"]

1. e4 c5 2. Nf3 e6 3. d4 cxd4 4.
Nxd4 Nc6 5. Nxc6 bxc6 6. c4 e5 7. Nc3 Bc5 8. Bd3 Nf6 9. O-O h6 10. Qe2 d6 11. Be3 Bxe3 12. Qxe3 O-O 13. c5 Ng4 14.
Qg3 dxc5 15. h3 Nf6 16. Rfd1 Qe7 17. Rac1 Rd8 18. Na4 Nh5 19. Qe3 Nf4 20. Bf1 Be6 21. b3 c4 22. bxc4 Qb4 23. Nc5 Rxd1 24. Rxd1 Re8 25. Nxe6 Nxe6 26. Qxa7 Nd4 27. c5 Rd8 28. Kh1 Re8 29. Qb6 Qc3 30. Qa6 Qc2 31. Qd3 Qxf2 32.
Rc1 Ra8 33. a3 Qb2 34. Rb1 Qxa3 35. Rb8+ Kh7 36. Qxa3 Rxa3 37. Rb7 Ra1 38. Kg1 Kg6 39. Kf2 Ra2+ 40. Ke3 Ra3+ 41. Kf2 Ne6 42. Rb6 Nd4 43.
Rb7 Rc3 44. Re7 Kf6 45. Rd7 Rxc5 46. Bd3 Rc3 47. Ba6 Ra3 48. Bb7 Rb3 49. Bxc6 Nxc6 50. Rd6+ Kg5 51. Rxc6 Rb2+ 52. Kf3 Rb3+ 53. Kf2 Kf4 54.
Rc7 Rb2+ 55. Kg1 f6 56. Rxg7 Kxe4 57. Rg6 Kf5 58. Rxh6 e4 59. Rh5+ Kf4 60. Rh4+ Ke5 61. Rh8 f5 62. h4 Kf4 63. h5 e3 64. h6 Rb1+ 65. Kh2 e2 66. g3+ Kf3 67. Re8 e1=Q 68. Rxe1 Rxe1 69. h7 Re8 0-1

[Event "*** Titled Tuesday Blitz"]
[Site "Chess.com"]
[Date "2021.02.02"]
[Round "10"]
[White "Andrakhanova"]
[Black "chessmadara"]
[Result "1/2-1/2"]
[WhiteElo "2269"]
[BlackElo "2157"]
[TimeControl "180+1"]
[EndTime "11:57:32 PST"]
[Termination "Game drawn - insufficient material"]

1. c4 c5 2. Nc3 g6 3. g3 Bg7 4. Bg2 Nc6 5. Nf3 d6 6. O-O e6 7. e3 Nge7 8. d4 cxd4 9. Nxd4 O-O 10. Ndb5 Ne5 11. Nxd6 Qc7 12. Ncb5 Qc5 13. b4 Qxb4 14. Ba3 Qa5 15. Nxc8 Nxc8 16. Bxf8 Bxf8 17. Qb3 Qb6 18. Nd4 Bc5 19. Qxb6 Nxb6 20. Bxb7 Rb8 21. Ba6 Nexc4 22.
Bxc4 Nxc4 23. Rfc1 Bxd4 24. exd4 Nd2 25. Rc7 Nf3+ 26.
Kg2 Nxd4 27. Rxa7 Rb2 28. a4 Nc2 29. Rc1 Ra2 30. Ra8+ Kg7 31. a5 Nb4 32. Rb1 Nd3 33. a6 Nxf2 34. Kf3 Nd3 35. a7 Ne5+ 36. Ke4 Nc6 37.
Rb6 Rxa7 38. Rxa7 Nxa7 39. Ke5 Nc8 40. Rb7 h5 41. h4 g5 42. hxg5 Kg6 43. Rb8 Ne7 44. Re8 Nc6+ 45. Kd6 Nd4 46. Rg8+ Kh7 47. Ra8 Nf5+ 48. Kd7 Nxg3 49. Ke7 Kg7 50. Rf8 Ne4 51. Rxf7+ Kg6 52. Rf6+ Kxg5 53. Rxe6 Ng3 54. Kf7 h4 55. Rg6+ Kf4 56. Rh6 Kg4 57. Kg6 h3 58. Rxh3 Kxh3 1/2-1/2

[Event "*** Titled Tuesday Blitz"]
[Site "Chess.com"]
[Date "2021.02.02"]
[Round "10"]
[White "sara_khm"]
[Black "kingofthenil"]
[Result "1-0"]
[WhiteElo "2530"]
[BlackElo "2658"]
[TimeControl "180+1"]
[EndTime "11:57:33 PST"]
[Termination "sara_khm won on time"]

1. d4 Nf6 2. Nf3 c5 3. d5 g6 4.
c4 Bg7 5. Nc3 O-O 6. e4 d6 7. Bd3 Na6 8. O-O Nc7 9. Ne1 e6 10. h3 exd5 11. exd5 b5 12. Bf4 Rb8 13. Qc2 bxc4 14. Bxc4 Bf5 15. Qd2 Ne4 16. Nxe4 Bxe4 17. Nd3 Nxd5 18. Bxd5 Bxd5 19. Nxc5 Bc4 20. Rfc1 Rxb2 21.
Qxd6 Bxa2 22. Nd3 Qxd6 23. Bxd6 Rd8 24. Nxb2 Bxb2 25. Rxa2 Bxc1 26. Bc5 Rc8 27. Bxa7 Ra8 28. Rc2 Rxa7 29. Rxc1 h5 30. g3 Ra6 31. Kg2 Rf6 32. Rc3 Kg7 33. Rc7 Rf5 34. g4 hxg4 35. hxg4 Rf4 36.
Kg3 g5 37. Rc5 f6 38. f3 Kg6 39. Rc7 Rb4 40. Re7 Rb1 41. Kf2 Rb2+ 42. Ke3 Rb3+ 43.
Kf2 Ra3 44. Re3 Ra2+ 45. Kg3 Rb2 46. Rd3 Kf7 47. Rd7+ Ke6 48. Rc7 Rb6 49. Kf2 Ke5 50. Re7+ Kd6 51. Re4 Kd5 52. Re2 Rb4 53. Kg3 Rd4 54.
Re8 Kd6 55. Kf2 Rd5 56. Re4 Kd7 57. Ke3 Kd6 58. f4 gxf4+ 59. Kxf4 Re5 60. Rxe5 fxe5+ 61. Kf5 Ke7 62. Kxe5 Kf7 63. Kf5 Kg7 64. Kg5 Kg8 65. Kg6 Kh8 66. Kf7 Kh7 67. g5 Kh8 68. Kf6 Kh7 69.
Kf7 Kh8 70. Kg6 Kg8 71. Kh6 Kh8 72. g6 Kg8 73. g7 Kf7 74. Kh7 1-0

[Event "*** Titled Tuesday Blitz"]
[Site "Chess.com"]
[Date "2021.02.02"]
[Round "10"]
[White "VALPARAISO37"]
[Black "andriipalchuk"]
[Result "1-0"]
[WhiteElo "2484"]
[BlackElo "2580"]
[TimeControl "180+1"]
[EndTime "11:57:33 PST"]
[Termination "VALPARAISO37 won by resignation"]

1. d4 Nf6 2. c4 e6 3. Nc3 Bb4 4.
a3 Bxc3+ 5. bxc3 Nc6 6. e3 d6 7.
Bd3 b6 8. e4 Na5 9. Nf3 Ba6 10.
Bg5 h6 11. Be3 O-O 12. Qe2 d5 13. cxd5 Bxd3 14. Qxd3 exd5 15. e5 Ne4 16. O-O f5 17. a4 Nc4 18. Bc1 Qd7 19. Ne1 f4 20. f3 Ng5 21.
Qg6 Qe6 22. Qc2 Qf5 23. Qxf5 Rxf5 24. Nd3 Ne6 25. g3 g5 26. Kg2 Rb8 27. Rb1 Rff8 28. Nb4 Rbd8 29. Nc6 Rd7 30. Nb4 c5 31. Nc2 fxg3 32.
hxg3 Rc8 33. Rf2 Ng7 34. g4 Ne6 35. Rb5 cxd4 36. cxd4 Kf7 37. Kg3 Kg6 38. Rh2 Na5 39. Be3 Rc4 40. Rb4 Rdc7 41. Rxc4 Rxc4 42. Na3 Rc3 43.
Nc2 Nc4 44. Bc1 a5 45. Re2 Rd3 46. Kf2 Kf7 47. Ne3 Rxd4 48. Nf5 Rd3 49. Nxh6+ Kg6 50. Nf5 Rb3 51. Ne7+ Kf7 52. Nxd5 Nd4 53. Re1 Rxf3+ 54. Kg2 Rd3 55. e6+ Nxe6 56. Nc7 Rc3 57. Nxe6 Rc2+ 58. Kg3 Nd6 59. Nxg5+ Kg8 60. Re6 Nc4 61. Bf4 Rc3+ 62.
Kh4 Ra3 63. Kh5 Rxa4 64. Kg6 Kf8 65. Nh7+ 1-0

[Event "*** Titled Tuesday Blitz"]
[Site "Chess.com"]
[Date "2021.02.02"]
[Round "10"]
[White "Meri-Arabidze"]
[Black "Gusarov91"]
[Result "1-0"]
[WhiteElo "2617"]
[BlackElo "1288"]
[TimeControl "180+1"]
[EndTime "11:57:38 PST"]
[Termination "Meri-Arabidze won by checkmate"]

1. Nf3 d5 2. d4 c6 3. c4 Nf6 4. Nc3 a6 5. e3 b5 6. b3 Bg4 7. Be2 e6 8. O-O Bb4 9. Bd2 Be7 10. h3 Bxf3 11. Bxf3 O-O 12. Qc2 Nbd7 13. Rad1 bxc4 14. bxc4 Nb6 15. c5 Nc4 16. Na4 Nxd2 17. Qxd2 Nd7 18. e4 Rb8 19. Rfe1 Bg5 20. Qc3 Qc7 21. g3 Rb5 22. Be2 Ra5 23. Nb6 Rxa2 24. f4 Bf6 25. e5 Bd8 26. Qb3 Ra5 27. Qb4 Ra2 28. Qb3 Ra5 29.
Rb1 Nxb6 30. cxb6 Qb7 31. Rec1 Be7 32. Qc3 Ra2 33. Bf1 Rc8 34. Rc2 Ra3 35. Rb3 Ra4 36.
Qd3 h5 37. Kg2 g6 38. g4 hxg4 39. hxg4 c5 40. dxc5 Rxc5 41. Rxc5 Bxc5 42. Qc2 d4+ 43. Kg3 Bxb6 44. Qb2 Qh1 45. Bg2 Qe1+ 46. Kh3 Ra1 47. Rxb6 Qe3+ 48. Kh4 Qf2+ 49. Qxf2 Ra4 50. Rb8+ Kh7 51. f5 Kh6 52. fxg6 f5 53. gxf5 d3+ 54. Kh3 exf5 55. Qe3+ f4 56. Qxd3 Rb4 57. Rxb4 f3 58. Rh4+ Kg5 59. Rg4+ Kh6 60. Bxf3 a5 61. g7 a4 62.
Qg6# 1-0

[Event "*** Titled Tuesday Blitz"]
[Site "Chess.com"]
[Date "2021.02.02"]
[Round "10"]
[White "SilviusTiberius"]
[Black "Nikolaj_6"]
[Result "1/2-1/2"]
[WhiteElo "2481"]
[BlackElo "2600"]
[TimeControl "180+1"]
[EndTime "11:57:39 PST"]
[Termination "Game drawn by repetition"]

1. e4 c5 2. Nf3 d6 3. d4 cxd4 4. Nxd4 Nf6 5. Nc3 a6 6. Be3 e5 7. Nb3 Be6 8. f3 Be7 9. Qd2 O-O 10. O-O-O Qc7 11. g4 Rc8 12. g5 Nh5 13. Kb1 Nd7 14. Rg1 Nb6 15. Na5 g6 16. h4 Rab8 17. a3 Bf8 18. Qf2 Nd7 19. Nb3 b5 20. Nd5 Bxd5 21. Rxd5 Nb6 22. Bxb6 Rxb6 23. Bh3 Rcb8 24. Bg4 Nf4 25.
Rdd1 Rc6 26. Qd2 Rc4 27. Rge1 Ra4 28. c3 Rc4 29. Nc1 a5 30. Nd3 b4 31. cxb4 Nxd3 32. Qxd3 axb4 33. Rc1 Rc5 34. Rxc5 dxc5 35. a4 c4 36. Rc1 c3 37. Rd1 cxb2 38. Kxb2 Bc5 39. Kb3 Bd4 40. Qc4 Qa7 41. Qd5 Ra8 42. Qc6 Rd8 43. Rd3 Rb8 44. h5 Qe7 45. hxg6 hxg6 46.
a5 Qxg5 47. a6 Qe7 48. Bd7 Rd8 49. Rxd4 exd4 50. a7 Qf8 51. Qb7 d3 52. Kb2 d2 53.
Kc2 Qc5+ 54. Kxd2 Qc3+ 55. Ke2 Qb2+ 56. Kf1 Qa1+ 57. Kg2 Qa2+ 58. Kg3 b3 59. Bc6 b2 60. Bd5 Qa1 61. Qxf7+ Kh8 62. Qf6+ Kh7 63. Qh4+ Kg7 64. Qe7+ Kh6 65. Qh4+ Kg7 66. Qe7+ Kh6 67. Qh4+ Kg7 1/2-1/2

[Event "*** Titled Tuesday Blitz"]
[Site "Chess.com"]
[Date "2021.02.02"]
[Round "10"]
[White "Sanyura"]
[Black "LucaBrasi1968"]
[Result "1/2-1/2"]
[WhiteElo "2687"]
[BlackElo "2527"]
[TimeControl "180+1"]
[EndTime "11:57:40 PST"]
[Termination "Game drawn - insufficient material"]

1. e4 c6 2. Nc3 d5 3. Nf3 dxe4 4. Nxe4 Nf6 5. Qe2 Bf5 6. Nxf6+ gxf6 7. d4 Nd7 8. c3 e6 9. Nh4 Bg6 10. f4 f5 11. Nf3 Bh5 12. Be3 Nf6 13. g3 Be7 14.
Bg2 Qd5 15. Ne5 Bxe2 16. Bxd5 cxd5 17. Kxe2 Ne4 18. Rhg1 f6 19. Nd3 Rg8 20. Rac1 Rc8 21. Nf2 b5 22. Kf3 h5 23. h3 Kd7 24. g4 Nxf2 25.
Bxf2 hxg4+ 26. hxg4 fxg4+ 27. Rxg4 Rxg4 28. Kxg4 f5+ 29. Kf3 b4 30. Be1 bxc3 31. Bxc3 Rh8 32. Rg1 Rh3+ 33.
Ke2 Bd6 34. Rg7+ Kc6 35. Bd2 Rh2+ 36. Kd3 Rh3+ 37. Kc2 Rh2 38. Kd1 Rh1+ 39. Kc2 Rh2 40. Kd3 Rh3+ 41. Ke2 Rh2+ 42. Ke1 Rh1+ 43. Kf2 Rh2+ 44.
Rg2 Rxg2+ 45. Kxg2 a6 46. Kh3 Kd7 47. Kh4 Ke7 48. Kh5 Kf7 49. b4 Bc7 50. a4 Bb6 51. Bc3 Ba7 52. b5 axb5 53. axb5 Bb6 54. Kh6 Kf6 55. Kh7 Kf7 56. Kh8 Kf8 57. Bb4+ Kf7 58. Bc5 Bc7 59. Ba7 Bxf4 60. b6 Kg6 61. b7 Kg5 62.
b8=Q Bxb8 63. Bxb8 f4 64. Kg7 Kf5 65. Kf7 f3 66.
Bg3 f2 67. Bxf2 e5 68. dxe5 Kxe5 69. Ke7 Ke4 70. Bc5 d4 71. Bxd4 1/2-1/2

[Event "*** Titled Tuesday Blitz"]
[Site "Chess.com"]
[Date "2021.02.02"]
[Round "10"]
[White "andrzej"]
[Black "Noam_Vitenberg"]
[Result "0-1"]
[WhiteElo "2309"]
[BlackElo "2512"]
[TimeControl "180+1"]
[EndTime "11:57:40 PST"]
[Termination "Noam_Vitenberg won by checkmate"]

1. e4 d5 2. exd5 Qxd5 3. Nf3 Bg4 4. Be2 Nc6 5. Nc3 Qa5 6. Rb1 O-O-O 7. a3 Nf6 8. b4 Qf5 9. d3 Ne5 10. Nxe5 Qxe5 11.
O-O h5 12. Bb2 Bxe2 13. Nxe2 Qf5 14. Nd4 Qg4 15. h3 Qxd1 16. Rbxd1 e6 17. Rfe1 Bd6 18. Nb5 a6 19. Nxd6+ Rxd6 20. Bxf6 gxf6 21. Re4 f5 22. Rh4 Rc6 23. Rd2 b5 24. c4 Rd6 25. c5 Rd5 26. f3 Kb7 27. Kf2 Kc6 28. Ke3 e5 29.
g4 Rd4 30. Rxh5 Rxh5 31. gxh5 Rh4 32. Rh2 Kd5 33. Rg2 Rxh3 34. Rg7 f4+ 35. Kd2 Kd4 36. Rxf7 Rh2+ 37. Ke1 Ke3 38. Kf1 Kxf3 39. Kg1 Rg2+ 40.
Kh1 Rg5 41. Rxc7 Rxh5+ 42. Kg1 Rg5+ 43. Kh1 Kf2 44. Rh7 Rg6 45. Kh2 f3 46. Kh3 Ke2 47. Re7 Rg5 48. c6 f2 49. Rf7 f1=Q+ 50. Rxf1 Kxf1 51.
c7 Rg8 52. Kh4 Rc8 53. Kg5 Rxc7 54. Kf5 Rd7 55. Kxe5 Rxd3 56. Ke4 Rxa3 57. Kd5 Ke2 58. Kc5 Kd3 59. Kb6 Kc4 60. Kc6 Kxb4 61. Kb6 Kc4 62. Kc6 b4 63. Kb6 b3 64. Kc6 b2 65. Kd6 b1=Q 66.
Ke6 Rd3 67. Kf5 Qe1 68. Kg5 Rf3 69. Kg4 Qg3+ 70. Kh5 Rf1 71. Kh6 Rh1# 0-1

[Event "*** Titled Tuesday Blitz"]
[Site "Chess.com"]
[Date "2021.02.02"]
[Round "10"]
[White "Chesswizard_2007"]
[Black "SkippingLaptop"]
[Result "1-0"]
[WhiteElo "2684"]
[BlackElo "2060"]
[TimeControl "180+1"]
[EndTime "11:57:42 PST"]
[Termination "Chesswizard_2007 won on time"]

1. e4 c5 2. Nc3 Nc6 3. Nge2 g6 4.
d3 Bg7 5. Be3 Nd4 6. Qd2 d6 7.
f4 e6 8. Bf2 Ne7 9. Nxd4 cxd4 10. Ne2 Nc6 11. g3 Qb6 12. b3 a5 13. a4 Qc5 14. Bg2 Nb4 15. Rc1 Na2 16. Rb1 Nb4 17. Rb2 O-O 18. O-O Bd7 19. Rc1 Rfc8 20. Kh1 e5 21.
Qe1 Bg4 22. Qd2 Bxe2 23. Qxe2 Qc3 24. Rbb1 Na2 25. Rd1 Qxc2 26. Qf1 Qc5 27. Rd2 Nc3 28. Rbb2 Qb4 29. f5 Bh6 30. Rdc2 b5 31. axb5 Nxb5 32. Be1 Nc3 33. fxg6 hxg6 34. Rf2 Qb7 35. Bh3 Qe7 36.
Rf3 Rcb8 37. Rbf2 Ra7 38. Rxf7 Qxf7 39. Rxf7 Rxf7 40. Be6 Rf8 41. Qf6 Bg7 42. Qxg6 Nd1 43. Bxa5 Ne3 44. Bd8 Rxd8 45. Qxf7+ Kh7 46. Qh5+ Bh6 47.
Bf5+ Nxf5 48. Qxf5+ Kg7 49. Qe6 Rf8 50. Qxd6 Be3 51.
Qxe5+ Kg6 52. Qe6+ Rf6 53. Qg4+ Kf7 54. Kg2 Rf2+ 55.
Kh3 Rb2 56. Qd7+ Kf6 57. Kg4 Rxh2 58. Qd6+ Kf7 59. b4 Rd2 60. Qd7+ Kf6 61. Qf5+ Ke7 62. Qf1 1-0

[Event "*** Titled Tuesday Blitz"]
[Site "Chess.com"]
[Date "2021.02.02"]
[Round "10"]
[White "BairaKovanova"]
[Black "Aslanov_Umid"]
[Result "1-0"]
[WhiteElo "2476"]
[BlackElo "2327"]
[TimeControl "180+1"]
[EndTime "11:57:43 PST"]
[Termination "BairaKovanova won by resignation"]

1. e4 c5 2. Nf3 d6 3. g3 Nf6 4. d3 Nc6 5. Bg2 Bg4 6. h3 Bh5 7. O-O e6 8. Be3 Be7 9. Nbd2 O-O 10. Qe1 d5 11. g4 Bg6 12. e5 Nd7 13. Bf4 c4 14.
dxc4 Nb4 15. Nd4 Bc5 16. N2b3 Qb6 17. Nxc5 Qxc5 18. Qc3 Qxc4 19. Qxc4 dxc4 20. Rfc1 Nc5 21. a3 Nd5 22. Bg3 Be4 23. b4 c3 24. bxc5 Bxg2 25.
Kxg2 Rfd8 26. Nb3 a5 27. a4 Rac8 28. Rd1 Nb4 29. Rdc1 g5 30. h4 h6 31. hxg5 hxg5 32. Nxa5 Rd2 33. Nxb7 Rc7 34. Nd6 Nxc2 35. Rab1 Kh7 36.
Rh1+ Kg6 37. Rb8 f6 38. Rg8+ Rg7 39. Rxg7+ Kxg7 40. Ne8+ Kf7 41. Nxf6 Ne3+ 42. Kf3 Nc4 43. Rc1 c2 44. Ne4 Rd3+ 45. Ke2 Rd4 46. Rxc2 Rxe4+ 47. Kd3 Na3 48. Kxe4 Nxc2 49. c6 Ke7 50. Kd3 Nb4+ 51.
Kc4 Nxc6 52. Kc5 Na5 53. Kb6 Nc4+ 54. Kb5 Nd2 55. a5 Kd7 56. Kb6 Nc4+ 57. Kb5 Nd2 58.
a6 Kc7 59. Kc5 Ne4+ 60. Kc4 Kb6 61. Bh2 Kxa6 62. f4 gxf4 63. Bxf4 Kb6 64. g5 Kc6 65. g6 Kd7 66. g7 1-0

[Event "*** Titled Tuesday Blitz"]
[Site "Chess.com"]
[Date "2021.02.02"]
[Round "10"]
[White "LubovMarkelova"]
[Black "WiktoriaPOL"]
[Result "1/2-1/2"]
[WhiteElo "2239"]
[BlackElo "2013"]
[TimeControl "180+1"]
[EndTime "11:57:44 PST"]
[Termination "Game drawn - insufficient material"]

1. Nf3 c5 2. c4 Nf6 3. Nc3 g6 4. g3 Bg7 5. Bg2 O-O 6. O-O Nc6 7. d4 cxd4 8. Nxd4 Nxd4 9. Qxd4 d6 10. Qd3 a5 11. b3 Nd7 12. Bb2 Nc5 13. Qd2 a4 14. b4 Ne6 15. Nd5 Bxb2 16. Qxb2 Bd7 17. Rad1 Rc8 18. Ne3 b5 19. c5 dxc5 20. Qd2 Bc6 21.
Qxd8 Rfxd8 22. Bxc6 Rxc6 23. Rxd8+ Nxd8 24. bxc5 Rxc5 25. Rd1 Ne6 26. Rd7 Kf8 27. Rb7 Nd4 28. Kf1 Rc1+ 29. Kg2 a3 30. h4 Ra1 31. h5 gxh5 32. Rd7 Nxe2 33. Nf5 f6 34. Nxe7 Rxa2 35. Nd5 Rd2 36. Kf3 a2 37. Ra7 Ng1+ 38. Kg2 Rxd5 39. Rxa2 Rd1 40.
Rb2 Kf7 41. Rxb5 Ne2 42. Rxh5 Nd4 43. Rxh7+ Kg6 44. Rd7 Rd2 45. Rd6 Nb3 46. Rb6 Nc5 47.
Kf3 Rd3+ 48. Kg2 Ne4 49. Re6 Ng5 50. Re1 Rd2 51. Re3 Kf5 52. Re1 Ne4 53. Rf1 Ke5 54.
Kf3 Rd3+ 55. Kg2 Rd2 56. Re1 Kd5 57. Rf1 f5 58. Kf3 Rd3+ 59. Kg2 Kd4 60. Re1 Rd2 61. Rf1 Kd3 62. Kf3 Kd4 63. Kf4 Rxf2+ 64. Rxf2 Nxf2 65.
Kxf5 Ke3 66. g4 Nxg4 1/2-1/2

[Event "*** Titled Tuesday Blitz"]
[Site "Chess.com"]
[Date "2021.02.02"]
[Round "10"]
[White "cstevens1"]
[Black "Snowflake"]
[Result "1-0"]
[WhiteElo "2663"]
[BlackElo "2333"]
[TimeControl "180+1"]
[EndTime "11:57:46 PST"]
[Termination "cstevens1 won by checkmate"]

1. e4 c5 2. Nf3 Nc6 3. Nc3 d6 4. Bb5 e5 5. Nd5 Be6 6. O-O Ne7 7. Ng5 Bxd5 8. exd5 Nxd5 9. Qf3 Qxg5 10. Qxd5 Rc8 11. d4 Qe7 12. dxc5 a6 13. cxd6 Qxd6 14. Bc4 Qxd5 15. Bxd5 Be7 16. c3 O-O 17. Re1 Rfd8 18. Bb3 Rd7 19. Kf1 Rcd8 20. Be3 Kf8 21. Bb6 Rc8 22. Rad1 Rxd1 23. Rxd1 Bd8 24. Bc5+ Be7 25. Bb6 Bd8 26. Be3 Ke8 27. Ke2 Be7 28. g3 Na5 29. Bd5 Nc6 30. Bb6 Bd8 31. Bc5 Be7 32.
Be3 h6 33. h4 a5 34. a4 Bd8 35. Be4 Rc7 36. Rd5 Rd7 37. Rxd7 Kxd7 38. Bd5 f6 39. g4 Bc7 40. h5 Kd6 41. Be4 Nd8 42. f3 Nc6 43. Kd3 Bd8 44. Kc4 b6 45. Kb5 Na7+ 46. Ka6 Nc8 47. Kb7 Ne7 48. Bxb6 Bxb6 49.
Kxb6 Ng8 50. Kxa5 Kc7 51. Kb5 f5 52. Bxf5 Nf6 53. Be4 Ne8 54. Kc5 Nd6 55. Kd5 Nf7 56.
c4 Kb6 57. b4 Ng5 58. c5+ Kc7 59. Kxe5 Kd7 60. a5 Kc7 61. a6 Nh3 62. b5 Ng5 63.
b6+ Kd7 64. a7 g6 65. hxg6 h5 66. gxh5 Ke7 67. a8=Q Ne6 68. Qb7+ Kf8 69. Kxe6 Kg8 70. Qh7+ Kf8 71. Qf7# 1-0

[Event "*** Titled Tuesday Blitz"]
[Site "Chess.com"]
[Date "2021.02.02"]
[Round "10"]
[White "Iball95"]
[Black "TigrVShlyape"]
[Result "0-1"]
[WhiteElo "2633"]
[BlackElo "2837"]
[TimeControl "180+1"]
[EndTime "11:57:48 PST"]
[Termination "TigrVShlyape won by checkmate"]

1. e4 e5 2. Nf3 Nc6 3. Bc4 Nf6 4. d4 exd4 5. O-O Nxe4 6. Nc3 Nxc3 7. bxc3 Be7 8.
cxd4 d5 9. Bd3 O-O 10. Rb1 b6 11.
h3 h6 12. c3 Bd6 13. Re1 Qf6 14. Qa4 Ne7 15. Ba3 Bf5 16. Rbd1 Bxd3 17. Rxd3 Ng6 18. Ne5 Bxa3 19. Nd7 Qd6 20. Nxf8 Nxf8 21. g3 a6 22.
Rde3 b5 23. Qb3 Ne6 24. f4 Rf8 25. h4 g6 26. Qc2 Ng7 27. Kg2 Qd7 28. R1e2 Bd6 29.
Re1 c6 30. a4 h5 31. axb5 cxb5 32. R3e2 Rc8 33. Qa2 Qc6 34. Rb1 Nf5 35. Ra1 Qxc3 36. Qxa6 Qxg3+ 37. Kh1 Qf3+ 38. Rg2 Rc2 39. Qc8+ Kg7 40.
Qxc2 Nxh4 41. Qf2 Qxg2+ 42. Qxg2 Nxg2 43. Kxg2 Bxf4 44. Rb1 Kf6 45. Rxb5 Ke6 46. Kf3 g5 47. Rb6+ Kf5 48. Rb7 g4+ 49. Ke2 Ke6 50. Rb6+ Bd6 51. Ra6 h4 52. Ra8 h3 53. Re8+ Kf5 54. Rd8 h2 55. Rh8 Ke4 56. Kf2 f5 57. Rh6 Bf4 58. Rh5 Kxd4 59. Rxf5 h1=Q 60. Rxf4+ Qe4 61. Rxg4 Qxg4 62.
Ke1 Ke3 63. Kf1 Qe2+ 64. Kg1 d4 65. Kh1 d3 66. Kg1 d2 67. Kh1 Kf3 68. Kg1 Kg3 69. Kh1 d1=N 70. Kg1 Ne3 71. Kh1 Ng4 72. Kg1 Nh2 73.
Kh1 Qd2 74. Kg1 Nf3+ 75. Kh1 Qg2# 0-1